 Dungeon Crawl Stone Soup version 0.28-a0-969-g2dcde036d2 (webtiles) character file.

Game seed: 16570394966241420843

38 HessuHobo the Stinger (level 3, -3/31 HPs)
             Began as an Ogre Venom Mage on Nov 30, 2021.
             Killed from afar by an orc wizard (11 damage)
             ... with a puff of flame
             ... on level 3 of the Dungeon.
             The game lasted 00:07:24 (3049 turns).

HessuHobo the Stinger (Ogre Venom Mage)             Turns: 3049, Time: 00:07:25

Health: -3/31      AC:  3    Str: 12    XL:     3   Next: 43%
Magic:  1/7        EV:  9    Int: 18    God:
Gold:   69         SH:  0    Dex:  9    Spells: 5/8 levels left

rFire   . . .      SeeInvis .   u - +2 dagger (elec)
rCold   . . .      Faith    .   (no shield)
rNeg    . . .      Spirit   .   a - +0 robe
rPois   .          Reflect  .   (helmet restricted)
rElec   .          Harm     .   g - scarf {shadows}
rCorr   .          Rampage  .   (gloves unavailable)
Will    .....                   (boots unavailable)
Stlth   +.........              (no amulet)
HPRegen 0.10/turn               (no ring)
MPRegen 0.10/turn               (no ring)

@: confused, lethally poisoned (-3 -> -3)
A: large, unfitting armour, tough skin 1
a: no special abilities


You were on level 3 of the Dungeon.
You visited 1 branch of the dungeon, and saw 3 of its levels.

You collected 69 gold pieces.

Inventory:

Hand Weapons
 c - a +0 dagger
 r - a +0 short sword
 u - a +2 dagger of electrocution (weapon)
Missiles
 k - a throwing net
Armour
 a - a +0 robe (worn)
 d - a +0 leather armour
 g - a scarf of shadows (worn)
 m - a +0 kite shield
Scrolls
 b - a scroll of noise {unknown}
 e - a scroll of teleportation {unknown}
 h - a scroll of amnesia {unknown}
 j - a scroll of vulnerability {unknown}
 l - a scroll of immolation {unknown}
 n - 2 scrolls of enchant weapon {unknown}
 p - a scroll of blinking {unknown}
 q - a scroll of acquirement {unknown}
Potions
 f - 3 potions of mutation {unknown}
 i - a potion of heal wounds {unknown}
 o - a potion of curing {unknown}
 s - a potion of lignification {unknown}
 t - a potion of brilliance {unknown}


   Skills:
 - Level 1.7 Dodging
 - Level 1.4 Stealth
 + Level 3.1 Spellcasting
 + Level 1.8 Transmutations
 + Level 3.1 Poison Magic


You had 5 spell levels left.
You knew the following spells:

 Your Spells              Type           Power      Damage    Failure   Level
a - Sting                 Tmut/Pois      44%        1d5       6%          1
b - Poisonous Vapours     Pois/Air       16%        N/A       13%         2

Your spell library contained the following spells:

 Spells                   Type           Power      Damage    Failure   Level
 Animate Skeleton         Necr           4%         N/A       16%         1
 Apportation              Tloc           4%         N/A       16%         1
 Summon Small Mammal      Summ           8%         N/A       16%         1
 Mephitic Cloud           Conj/Pois/Air  6%         N/A       30%         3
 Olgreb's Toxic Radiance  Pois           14%        N/A       41%         4
 Dispersal                Tloc           1%         N/A       100%        6
 Disjunction              Tloc           1%         N/A       100%        8


Dungeon Overview and Level Annotations

Branches:
Dungeon (3/15)

Altars:
Elyvilon


Innate Abilities, Weirdness & Mutations

You are too large for most types of armour.
You have tough skin. (AC +1)


Message History

You hear the crackle of electricity.
u - a +2 dagger of electrocution (weapon)
The orc hits you with a +0 short sword.
You hear some strange, mumbled words.
A puff of flame appears from out of thin air!
The puff of flame hits you.
Casting: Poisonous Vapours (safe; 13% risk of failure)
Confirm with . or Enter, or press ? or * to list all spells.
Aiming: Sting (safe; 6% risk of failure)
Press: ? - help, Shift-Dir - straight line, f - orc
Aim: an orc, wielding a +0 short sword and wearing a +3 leather armour (71% to hit)
The sting hits the orc.
The orc is poisoned.
The orc is heavily wounded.
The orc barely misses you. Something hits you.
You are poisoned.
You feel very sick.
You hear some strange, mumbled words.
Something tries to affect you, but you resist.
You see here a +0 robe.
You feel sick.
You feel sick.
You feel sick.
You kill the orc!
There is a stone staircase leading up here.
You can't go down here!
Casting: Sting (safe; 6% risk of failure)
Confirm with . or Enter, or press ? or * to list all spells.
Okay, then.
You feel sick.
You hear some strange, mumbled words.
You are confused.
In your confused state, you trip and fall back down the stairs.
You feel sick.
An orc wizard appears from thin air!
Reactivating autopickup.
The orc wizard casts a spell at you. You resist with some effort.
You feel sick. The orc wizard casts a spell at you. The puff of flame hits you!
You die...

########## #........# ###
#.######.# ####.##
#####.######.# #.....#
.............###.##.######
.......>.................#####
#####.#.###...#..##....#......
# #.#..<....#..##.##...# #
#.#..##...#.@##.###.## #
###.#..........##.###.# . #
#...........(.)#.{.##.# . #
#.###..###.....o..[.>.#######
. # #.# #..#
##.#..#...#........##. # #.#
#.#..##.###.#####.#.. ###.##
#....##.# #.# ##.#.# ##...#
.....#.##.# #.####.#..# .....#
..........# #.....###..


You could see an orc wizard.

Vanquished Creatures
  2 orcs (D:3)
  4 bats
  2 endoplasms
  2 giant cockroaches
  3 hobgoblins
  4 jackals
  2 quokkas (D:2)
  6 ball pythons
  6 kobolds
  A rat (D:1)
32 creatures vanquished.

Notes
Turn   | Place    | Note
-------+----------+-------------------------------------------
     0 | D:1      | HessuHobo the Ogre Venom Mage began the quest for the Orb.
     0 | D:1      | Reached XP level 1. HP: 16/16 MP: 3/3
    74 | D:1      | Reached skill level 1 in Transmutations
   318 | D:1      | Reached XP level 2. HP: 23/24 MP: 0/5
   445 | D:1      | Learned a level 2 spell: Poisonous Vapours
  1519 | D:2      | Found a faded altar of an unknown god.
  2282 | D:2      | Reached XP level 3. HP: 30/31 MP: 5/7
  2674 | D:2      | Found a white marble altar of Elyvilon.
  3049 | D:3      | Killed from afar by an orc wizard

Illustrated notes

Levels and vault maps discovered:
D:1:      psy_arrival_whirlpool, layout_basic, hangedman_decor_peaks_small,
          chequers_serial_rivers_small_3
D:2:      layout_loops_ring, basic_altar, hellmonk_ecumenical_altar_lost_god,
          grunt_decor_one_mirror
D:3:      layout_loops_ring, uniq_natasha

Skill      XL: |  1  2  3 |
---------------+----------+-----
Transmutations | 1 |  1.8
Poison Magic   | 3 |  3.1
Spellcasting   | 3 |  3.1
Dodging        | |  1.7
Stealth        | |  1.4

Action                   || total
-------------------------++-------
Melee: Unarmed           ||    10
       Dagger            ||    38
       Short sword       ||     8
 Cast: Sting             ||    30
       Poisonous Vapours ||    14
 Stab: Sleeping          ||     2
Armor: Robe              ||    46
Dodge: Dodged            ||    63
Block: Kite shield       ||     1

Table legend: (Time is in decaauts)
 A = Elapsed time spent in this place.
 B = Non-inter-level travel time spent in this place.
 C = Inter-level travel time spent in this place.
 D = Time resting spent in this place.
 E = Time spent auto-exploring this place.
 F = Levels seen in this place.
 G = Mean time per level.
                   A        B        C        D        E       F      G
               +--------+--------+--------+--------+--------+-----+--------+
         Total |   3053 |   2950 |    103 |   1292 |   1163 |   3 | 1017.7 |
       Dungeon |   3053 |   2950 |    103 |   1292 |   1163 |   3 | 1017.7 |
               +--------+--------+--------+--------+--------+-----+--------+

Top non-repeatable levels by time:
     D:1: 1132 daAuts
     D:2: 1050 daAuts
     D:3: 871 daAuts
